 Dungeon Crawl Stone Soup version 0.27.1-33-g824d729ab1 (webtiles) character file.

Game seed: 1709928487007790795

4 EWolf27 the Sneak (level 1, -1/9 HPs)
             Began as a Spriggan Enchanter on Dec 17, 2021.
             Killed from afar by a dart slug (3 damage)
             ... with a slug dart
             ... on level 1 of the Dungeon.
             The game lasted 00:03:35 (592 turns).

EWolf27 the Sneak (Spriggan Enchanter)               Turns: 592, Time: 00:03:36

Health: -1/9       AC:  2    Str:  4    XL:     1   Next: 58%
Magic:  5/5        EV: 17    Int: 16    God:
Gold:   29         SH:  0    Dex: 15    Spells: 4/5 levels left

rFire    . . .     SeeInvis +   a - +1 dagger
rCold    . . .     Faith    .   (shield restricted)
rNeg     . . .     Spirit   .   b - +0 robe
rPois    .         Reflect  .   (helmet restricted)
rElec    .         Harm     .   (no cloak)
rCorr    .         Rampage  .   (gloves unavailable)
Will     .....                  (boots unavailable)
Stlth    +++.......             (no amulet)
HPRegen  0.03/turn              (no ring)
MPRegen  0.09/turn              (no ring)

@: very quick
A: very small, no large weapons, unfitting armour, see invisible, speed 3
a: no special abilities


You were on level 1 of the Dungeon.
You visited 1 branch of the dungeon, and saw 1 of its levels.

You collected 29 gold pieces.

Inventory:

Hand Weapons
 a - a +1 dagger (weapon)
Armour
 b - a +0 robe (worn)
Scrolls
 c - a scroll of noise {unknown}
 d - a scroll of blinking {unknown}
Potions
 e - a potion of brilliance {unknown}


   Skills:
 - Level 1.1 Short Blades
 + Level 2.7 Dodging
 + Level 4.5 Stealth
 + Level 2.8 Spellcasting
 + Level 3.8 Hexes


You had 4 spell levels left.
You knew the following spells:

 Your Spells              Type           Power      Damage    Failure   Level
a - Corona                Hex            15%        N/A       4%          1

Your spell library contained the following spells:

 Spells                   Type           Power      Damage    Failure   Level
 Confusing Touch          Hex            14%        N/A       12%         3
 Tukima's Dance           Hex            14%        N/A       12%         3
 Ensorcelled Hibernation  Hex/Ice        16%        N/A       13%         2
 Dazzling Flash           Conj/Hex       16%        N/A       26%         3


Dungeon Overview and Level Annotations

Branches:
Dungeon (1/15)

Altars:

Shops:
D:1 [[


Innate Abilities, Weirdness & Mutations

You are very small and have problems with some larger weapons.
You are too small for most types of armour.
You have supernaturally acute eyesight. (SInv)
You cover ground extremely quickly. (Speed+++)


Message History

The hobgoblin is almost dead.
The hobgoblin hits you.
You are too injured to fight recklessly!
Found Viufibuj's Antique Armour Shop.
There is a fountain of clear blue water here.
There is a fountain of clear blue water here.
You start resting.
A hobgoblin is nearby!
You see here a frilled lizard skeleton.
The hobgoblin shouts!
There is a fountain of clear blue water here.
The hobgoblin shouts!
You see here a rat corpse.
You start resting.
A dart slug is nearby!
You start resting.
A dart slug is nearby!
You hit the dart slug.
The dart slug is lightly wounded.
The dart slug launches a dart at you. The slug dart hits you.
You are too injured to fight recklessly!
You are too injured to fight recklessly!
You are too injured to fight recklessly!
You hit the dart slug.
The dart slug is moderately wounded.
The dart slug bites you.
* * * LOW HITPOINT WARNING * * *
You hit the dart slug.
The dart slug is heavily wounded.
You hit the dart slug but do no damage.
The dart slug is heavily wounded.
The dart slug closely misses you.
There is an entrance to Viufibuj's Antique Armour Shop here.
You see here a ball python corpse.
You start resting.
A dart slug is nearby!
The dart slug launches a dart at you. The slug dart hits you.
You die...

.8.'..⌠..#.###.w.............#..#
...#.....#.# ##.##...†..........#
####....('.# #.....#.....#####.#
###'##### ##.##......#..w.....
#...#..###.#####......#####.#
#.<.#.#..>## #...#### #.#
#...#.##†## #.#.# #.#
#####...w#######.#.# #.#
####....@..#.#.# #.#
#.####..#.#.# #.# #.# #∩.....#
#.. #.# #.###### #.# #.# #.# #.#
#.# #.# #.# #.# #.#


You could see a dart slug.

Vanquished Creatures
  A ball python (D:1)
  An endoplasm (D:1)
  A frilled lizard (D:1)
  2 rats (D:1)
5 creatures vanquished.

Notes
Turn   | Place    | Note
-------+----------+-------------------------------------------
     0 | D:1      | EWolf27 the Spriggan Enchanter began the quest for the Orb.
     0 | D:1      | Reached XP level 1. HP: 9/9 MP: 5/5
    21 | D:1      | Found Ocexipt's Armour Boutique.
   421 | D:1      | Found Viufibuj's Antique Armour Shop.
   592 | D:1      | Killed from afar by a dart slug

Illustrated notes

Levels and vault maps discovered:
D:1:      minmay_arrival_stair_chambers, layout_loops_ring, serial_shops,
          shop_fountains, shop

Action                   || total
-------------------------++-------
Melee: Dagger            ||    33
 Cast: Corona            ||     2
Armor: Robe              ||     3
Dodge: Dodged            ||    20
